 Dungeon Crawl Stone Soup version 0.28.0-53-g5a82cb258f (webtiles) character file.

Game seed: 1276415759411751465

2965 SanguineChosen the Spear-Bearer (level 9, 0/55 HPs)
             Began as a Gargoyle Fighter on July 17, 2022.
             Slain by a skeletal warrior
             ... wielding a +0 flail
             ... led by a skeletal warrior
              (3 damage)
             ... on level 6 of the Dungeon on July 18, 2022.
             The game lasted 00:18:18 (5644 turns).

SanguineChosen the Spear-Bearer (Gargoyle Fighter)  Turns: 5644, Time: 00:18:19

Health: 0/55       AC: 16    Str: 29    XL:     9   Next: 82%
Magic:  9/9        EV: 10    Int: 10    God:
Gold:   239        SH:  0    Dex:  9    Spells: 8/8 levels left

rFire   . . .      SeeInvis .   d - +4 scythe (spect)
rCold   . . .      Faith    .   (shield currently unavailable)
rNeg    + . .      Spirit   .   b - +0 scale mail
rPois   ∞          Reflect  .   (no helmet)
rElec   +          Harm     .   (no cloak)
rCorr   .          Rampage  .   (no gloves)
Will    +....                   v - +1 pair of boots
Stlth   ..........              s - amulet of regeneration
HPRegen 0.98/turn               m - +6 ring of strength
MPRegen 0.11/turn               p - ring of willpower

@: mighty, hasted, very quick
A: sickness immunity, AC +6, negative energy resistance 1, electricity
resistance, torment resistance 1, petrification resistance
a: no special abilities


You were on level 6 of the Dungeon.
You visited 1 branch of the dungeon, and saw 6 of its levels.

You collected 239 gold pieces.

Inventory:

Hand Weapons
 a - a +0 flail
 d - a +4 spectral scythe (weapon)
Missiles
 h - 10 poisoned darts (quivered)
Armour
 b - a +0 scale mail (worn)
 c - a +0 buckler
 v - a +1 pair of boots (worn)
Jewellery
 m - a +6 ring of strength (left hand)
 p - a ring of willpower (right hand)
 q - an amulet of the acrobat
 s - an amulet of regeneration (around neck)
Wands
 o - a wand of acid (2)
 t - a wand of iceblast (8)
Scrolls
 e - 2 scrolls of amnesia {unknown}
 f - 3 scrolls of blinking
 g - a scroll of immolation {unknown}
 l - a scroll of enchant armour
Potions
 i - 4 potions of flight
 j - a potion of mutation {unknown}
 k - a potion of curing {unknown}
 n - a potion of haste
 u - a potion of lignification
 w - a potion of brilliance {unknown}


   Skills:
 + Level 6.2 Fighting
 - Level 4.1 Maces & Flails
 + Level 8.4 Polearms
 + Level 1.3 Throwing
 + Level 7.2 Armour
 - Level 1.1 Dodging
 + Level 2.1 Stealth
 + Level 4.1 Shields
 + Level 1.4 Evocations


You had 8 spell levels left.
You didn't know any spells.
Your spell library contained the following spells:

 Spells                   Type           Power      Damage    Failure   Level
 Animate Skeleton         Necr           0%         N/A       58%         1
 Apportation              Tloc           0%         N/A       58%         1
 Summon Small Mammal      Summ           0%         N/A       58%         1


Dungeon Overview and Level Annotations

Branches:
Dungeon (6/15)
 Temple: D:4-7

Altars:
Qazlal


Innate Abilities, Weirdness & Mutations

You are immune to sickness and miasma.
Your stone body is resilient. (AC +6)
You are immune to poison.
You resist negative energy. (rN+)
You are resistant to electric shocks. (rElec)
You are resistant to unholy torment.
You are immune to petrification.


Message History

The hornet zombie completely misses your +4 spectral scythe.
The skeletal warrior barely misses your +4 spectral scythe.
You slash the skeletal warrior!
The skeletal warrior is heavily damaged.
Your +4 spectral scythe closely misses the skeletal warrior.
The skeletal warrior hits your +4 spectral scythe with a +0 hand axe.
You slice the skeletal warrior!!
You destroy the skeletal warrior!
You hear an angry growl.
Your Fighting skill increases to level 6!
Your Polearms skill increases to level 8!
Your Armour skill increases to level 7!
Your Evocations skill increases to level 1!
You slice the hornet zombie!!
The hornet zombie is almost destroyed.
The hornet zombie hits you but does no damage.
The skeletal warrior misses you. The hornet zombie closely misses you.
A black bear comes into view.
You slash the hornet zombie!
You destroy the hornet zombie!
The skeletal warrior hits you with a +0 hand axe.
The black bear bites you but does no damage.
The black bear claws you but does no damage. x2
You see here a +0 battleaxe.
You closely miss the black bear.
Your +4 spectral scythe hits the black bear from afar!!
The skeletal warrior is no longer covered in acid.
The skeletal warrior hits your +4 spectral scythe with a +0 flail!!
Your spectral weapon shares its damage with you!
The skeletal warrior hits you but does no damage.
The skeletal warrior hits your +4 spectral scythe with a +0 hand axe.
The black bear bites you but does no damage.
The black bear claws you but does no damage.
The black bear barely misses you.
You slice the black bear!!
You kill the black bear!
The skeletal warrior hits you with a +0 hand axe!
* * * LOW HITPOINT WARNING * * *
The skeletal warrior hits you with a +0 flail.
You die...

#.......#.###..).....
##....#..#.###.#####..
#.....#.............
#.#
#>##.....#z#.###.##.
#.# # #.#.....#.# #..
#..z..z.#.. ..#
###z##.##.#####
#z##.##.# #z@†....#
####.#### .... ....#
...Z.# .....# ...:(.#
####


You could see 4 skeletal warriors.

Vanquished Creatures
  A skeletal warrior (D:6)
  Sigmund (D:2)
  5 yaks (D:5)
  Menkaure (D:4)
  A water moccasin (D:5)
  A hornet zombie (D:6)
  2 sky beasts (D:5)
  2 black bears (D:6)
  A centaur (D:6)
  A phantom (D:4)
  Blork the orc (D:4)
  2 scorpions (D:4)
  A gnoll sergeant (D:5)
  2 centaur zombies
  A bullfrog zombie (D:6)
  2 orc priests (D:6)
  Crazy Yiuf (D:4)
  3 hounds
  A jelly (D:4)
  A bullfrog skeleton (D:5)
  An iguana (D:6)
  An orc wizard (D:6)
  A hound skeleton (D:5)
  4 gnolls (D:5)
  5 adders
  An adder skeleton (D:5)
  2 worms (D:2)
  2 dart slugs
  11 orcs
  6 ball pythons
  4 endoplasms
  7 giant cockroaches
  11 goblins
  13 hobgoblins
  3 quokkas (D:1)
  4 bats
  12 frilled lizards
  8 kobolds
  7 rats
134 creatures vanquished.

Notes
Turn   | Place    | Note
-------+----------+-------------------------------------------
     0 | D:1      | SanguineChosen the Gargoyle Fighter began the quest for the
                  | Orb.
     0 | D:1      | Reached XP level 1. HP: 14/14 MP: 1/1
   128 | D:1      | Reached XP level 2. HP: 13/19 MP: 2/2
   706 | D:1      | Reached XP level 3. HP: 23/23 MP: 3/3
  1668 | D:2      | Reached XP level 4. HP: 29/29 MP: 4/4
  1888 | D:2      | Noticed Sigmund
  1908 | D:2      | Killed Sigmund
  1909 | D:2      | Reached skill level 1 in Dodging
  1909 | D:2      | Reached XP level 5. HP: 16/33 MP: 5/5
  1909 | D:2      | Reached XP level 6. HP: 19/38 MP: 6/6
  3055 | D:3      | Reached skill level 1 in Polearms
  3369 | D:4      | Reached skill level 2 in Polearms
  3523 | D:4      | Reached XP level 7. HP: 41/43 MP: 7/7
  3544 | D:4      | Reached skill level 3 in Polearms
  3681 | D:4      | Noticed Menkaure
  3689 | D:4      | Killed Menkaure
  3860 | D:4      | Found a runed translucent door.
  3861 | D:4      | Noticed Crazy Yiuf
  3890 | D:4      | Reached skill level 4 in Polearms
  3963 | D:4      | Noticed Blork the orc
  3966 | D:4      | Killed Blork the orc
  3967 | D:4      | Reached skill level 5 in Armour
  4172 | D:4      | Killed Crazy Yiuf
  4236 | D:5      | Entered Level 5 of the Dungeon
  4378 | D:5      | Reached XP level 8. HP: 48/48 MP: 8/8
  4517 | D:5      | Noticed a yak
  4517 | D:5      | Noticed a yak
  4517 | D:5      | Noticed a yak
  4518 | D:5      | Noticed a yak
  4543 | D:5      | Killed a yak
  4544 | D:5      | Reached skill level 5 in Fighting
  4544 | D:5      | Reached skill level 5 in Polearms
  4544 | D:5      | Reached skill level 1 in Stealth
  4545 | D:5      | Noticed a yak
  4546 | D:5      | Killed a yak
  4547 | D:5      | Killed a yak
  4548 | D:5      | Reached skill level 1 in Throwing
  4549 | D:5      | Killed a yak
  4550 | D:5      | Reached skill level 6 in Polearms
  4552 | D:5      | Killed a yak
  4868 | D:5      | Reached XP level 9. HP: 55/55 MP: 9/9
  5060 | D:5      | Found a stormy altar of Qazlal.
  5092 | D:5      | Reached skill level 7 in Polearms
  5589 | D:6      | Noticed a skeletal warrior
  5589 | D:6      | Noticed a skeletal warrior
  5589 | D:6      | Noticed a skeletal warrior
  5596 | D:6      | Noticed a skeletal warrior
  5597 | D:6      | Noticed a skeletal warrior
  5639 | D:6      | Killed a skeletal warrior
  5640 | D:6      | Reached skill level 8 in Polearms
  5640 | D:6      | Reached skill level 1 in Evocations
  5644 | D:6      | Slain by a skeletal warrior

Illustrated notes

Levels and vault maps discovered:
D:1:      wheals_arrival_linesprint, layout_loops_ring, glass_columns_a,
          minmay_lizard_pond
D:2:      cheibrodos_greedy_goblins, layout_basic, kennysheep_cross_room,
          hangedman_abyss_or_decor_stabs, uniq_sigmund
D:3:      layout_loops_corners, minmay_unequal
D:4:      layout_basic, serial_corexii_hall, corexii_hall_statues_x,
          corexii_hall_statues_x, uniq_menkaure, uniq_blork_the_orc,
          uniq_crazy_yiuf_cottage
D:5:      layout_cave_pods, mainiacjoe_overflow_paths
D:6:      layout_loops_cross

Skill      XL: |  1  2  3  4  5  6  7  8  9 |
---------------+----------------------------+-----
Armour         | 4 5 6 7 |  7.2
Maces & Flails | 4 |  4.1
Dodging        | 1 |  1.1
Shields        | 4 |  4.1
Polearms       | 2 4 6 8 |  8.4
Fighting       | 4 5 6 |  6.2
Stealth        | 1 2 |  2.1
Throwing       | 1 |  1.3
Evocations     | 1 |  1.4

Action                   |  1- 3 |  4- 6 |  7- 9 || total
-------------------------+-------+-------+-------++-------
Melee: Flail             |   132 |    34 |       ||   166
       Scythe            |       |    91 |    74 ||   165
Throw: Dart              |       |       |     5 ||     5
Evoke: Wand              |       |       |    10 ||    10
  Use: Potion            |       |     1 |     2 ||     3
       Scroll            |       |       |    11 ||    11
 Stab: Distracted        |       |       |     1 ||     1
Armor: Scale mail        |    68 |    93 |    34 ||   195
Dodge: Dodged            |    64 |    70 |    47 ||   181
Block: Buckler           |    31 |     8 |       ||    39
